AoeStats
← momoney9964

Lombardia

509983309Analyzed
4v4 RM · 4d ago on Sep 28, 2026· 48m 59s· 8 players
Game mode
Random Map
Map size
Large (8 player)
Population
200
Speed
Normal
Resources
Standard
Victory
Conquest
Starting age
Dark Age
Ending age
Imperial Age
RankedLock teamsTeams togetherTeam positionsShared explorationLock speedFull tech treeHidden civsTurbo modeCheats
Victory
Defeat
🇺🇸 Varangians · United States
787
+13
🇺🇸 Khitans · United States
769
+14
🇺🇸 Teutons · United States
754
+14
🇺🇸 Goths · United States
704
+17
🇳🇿 Malay · New Zealand
776
-17
🇲🇽 Mongols · Mexico
713
-18
🇹🇷 Huns · Türkiye
706
-14
🇧🇷 Franks · Brazil
685
-13
TWT
2:03 Loom
13:05 Feudal Age
15:59 Double-Bit Axe
16:10 Gold Mining
16:12 Stone Mining
17:21 Wheelbarrow
20:47 Castle Age
20:49 Horse Collar
22:24 Hand Cart
22:31 Bow Saw
22:34 Heavy Plow
31:59 Stone Shaft Mining
31:59 Gold Shaft Mining
32:57 Nomads
37:30 Imperial Age
35:05 Caravan
36:16 Forging
36:07 Padded Archer Armor
40:02 Conscription
41:11 Bloodlines
40:21 Light Cavalry
41:10 Elite Mangudai
45:31 Chemistry
44:51 Ballistics
45:30 Hussar
acetiner
0:37 Loom
12:40 Feudal Age
15:05 Stone Mining
24:20 Scale Mail Armor
24:31 Forging
24:26 Scale Barding Armor
24:13 Fletching
27:29 Arson
33:08 Castle Age
33:05 Gold Mining
33:04 Double-Bit Axe
33:02 Horse Collar
34:26 Bloodlines
34:21 Padded Archer Armor
35:34 Heavy Plow
36:12 Gold Shaft Mining
35:52 Bow Saw
36:11 Pikeman
36:52 Squires
40:15 Husbandry
40:54 Iron Casting
40:15 Bodkin Arrow
40:45 Murder Holes
44:30 Marauders
43:58 Man-at-Arms
46:40 Wheelbarrow
49:24 Imperial Age
xxx_Panther_xxx1
8:30 Loom
14:20 Feudal Age
19:33 Castle Age
18:05 Double-Bit Axe
19:55 Bow Saw
25:04 Horse Collar
25:57 Town Watch
26:56 Wheelbarrow
33:47 Imperial Age
32:10 Heavy Plow
33:18 Forging
34:00 Hand Cart
33:46 Town Patrol
33:37 Man-at-Arms
34:19 Squires
34:39 Forced Levy
34:05 Man-at-Arms
35:32 Town Patrol
36:17 Conscription
35:22 Long Swordsman
36:30 Two-Handed Swordsman
36:43 Pikeman
38:57 Iron Casting
41:09 Blast Furnace
42:43 Halberdier
[MCC] Bacteria-Am
momoney9964
1:26 Loom
15:41 Feudal Age
16:07 Double-Bit Axe
18:15 Wheelbarrow
22:31 Castle Age
23:00 Stone Mining
27:00 Hand Cart
31:49 Bow Saw
35:19 Caravan
35:57 Anarchy
37:00 Scale Barding Armor
37:05 Forging
36:55 Scale Mail Armor
40:15 Imperial Age
39:10 Husbandry
39:21 Bloodlines
40:33 Ballistics
39:55 Treadmill Crane
41:21 Conscription
41:06 Perfusion
41:17 Squires
41:58 Chain Barding Armor
42:13 Iron Casting
41:53 Chain Mail Armor
42:00 Cavalier
44:03 Chemistry
42:40 Pikeman
43:23 Halberdier
44:08 Gold Mining
46:40 Blast Furnace
46:54 Elite Huskarl
CaptSquigglyP_IV
8:05 Loom
11:47 Feudal Age
14:03 Double-Bit Axe
18:58 Castle Age
18:40 Horse Collar
18:55 Stone Mining
28:57 Wheelbarrow
28:30 Heavy Plow
29:28 Gold Mining
30:03 Hand Cart
30:14 Bow Saw
31:10 Treadmill Crane
31:42 Fortified Wall
31:53 Ballistics
31:27 Fletching
31:38 Padded Archer Armor
31:45 Squires
31:32 Gambesons
35:25 Imperial Age
33:03 Murder Holes
33:57 Town Watch
36:26 Conscription
36:23 Scale Mail Armor
39:05 Chemistry
38:11 Siege Engineers
41:03 Two-Man Saw
40:54 Gothikon
41:42 Elite Varangian Guard
44:11 Capped Ram
45:54 Siege Ram
48:07 Forging
48:13 Chain Mail Armor
47:55 Bodkin Arrow
48:16 Leather Archer Armor
Hans Brix
0:41 Loom
11:49 Feudal Age
14:02 Wheelbarrow
13:59 Double-Bit Axe
15:51 Domestication
17:01 Forging
22:55 Arson
24:22 Scale Barding Armor
27:42 Castle Age
26:19 Stone Mining
26:25 Gold Mining
26:40 Scale Mail Armor
30:00 Hand Cart
30:24 Husbandry
30:53 Caravan
34:50 Town Watch
35:50 Bow Saw
40:51 Imperial Age
41:21 Lamellar Armor
42:16 Elite Steppe Lancer
47:40 Capped Ram
decocco_
1:05 Loom
19:05 Feudal Age
19:37 Horse Collar
20:49 Gold Mining
21:08 Arson
21:33 Stone Mining
22:24 Double-Bit Axe
24:47 Padded Archer Armor
24:37 Fletching
24:48 Scale Mail Armor
25:52 Wheelbarrow
25:09 Man-at-Arms
26:55 Forging
30:45 Castle Age
31:49 Chain Mail Armor
31:46 Heavy Plow
32:20 Bow Saw
32:41 Gambesons
34:22 Stone Shaft Mining
34:56 Iron Casting
35:11 Caravan
36:42 Hand Cart
37:33 Long Swordsman
38:16 Squires
43:53 Imperial Age
41:25 Bodkin Arrow
41:45 Leather Archer Armor
41:37 Scale Barding Armor
42:01 Ballistics
45:27 Ring Archer Armor
45:27 Plate Mail Armor
45:58 Blast Furnace
46:09 Two-Man Saw
45:42 Crop Rotation
44:43 Two-Handed Swordsman
45:51 Conscription
44:59 Elite Teutonic Knight
45:52 Champion
46:32 Capped Ram
Connection lost

Rejoining the realm…

Still unreachable

The connection could not be restored.

Session expired

The server has moved on; the page needs a fresh start.